 Dungeon Crawl Stone Soup version 0.18.1-8-gdd0e5ea (webtiles) character file.

79 Krapule the Insei (level 4, -2/35 HPs)
             Began as a Demonspawn Monk on June 6, 2016.
             Killed by divine providence
             ... invoked by an orc priest
              (10 damage)
             ... on level 3 of the Dungeon.
             The game lasted 00:08:28 (2594 turns).

Krapule the Insei (Demonspawn Monk)                 Turns: 2594, Time: 00:08:29

Health: -2/35      AC:  2    Str: 11    XL:     4   Next: 17%
Magic:  4/4        EV: 14    Int: 11    God:
Gold:   105        SH:  0    Dex: 17    Spells: 0 memorised, 3 levels left

rFire  . . .     SeeInvis .       - Unarmed
rCold  . . .     Gourm    .     a - +0 robe
rNeg   . . .     Faith    .     (no shield)
rPois  .         Spirit   .     (no helmet)
rElec  .         Dismiss  .     (no cloak)
rCorr  .         Reflect  .     (no gloves)
SustAt .         Harm     .     (no boots)
MR     +....                    (no amulet)
Stlth  ++........               (no ring)
                                k - ring of protection from magic

@: lethally poisoned (-2 -> -18), somewhat resistant to hostile enchantments,
unstealthy
A: hooves 1
a: no special abilities


You were on level 3 of the Dungeon.
You were not hungry.

You visited 1 branch of the dungeon, and saw 3 of its levels.

You collected 105 gold pieces.

Inventory:

Armour
 a - a +0 robe (worn)
Jewellery
 k - a ring of protection from magic (left hand)
Scrolls
 e - 2 scrolls of fog {unknown}
 g - 2 scrolls of teleportation
Potions
 c - a potion of brilliance
 d - a potion of curing {unknown}
 h - a potion of lignification {unknown}
 i - a potion of mutation {unknown}
Comestibles
 b - 2 bread rations
 f - a slice of pizza
 j - a meat ration


   Skills:
 + Level 3.3 Fighting
 - Level 1.0 Armour
 + Level 3.3 Dodging
 + Level 2.5 Stealth
 + Level 3.9 Unarmed Combat


You had 3 spell levels left.
You didn't know any spells.

Dungeon Overview and Level Annotations

Branches:
Dungeon (3/15)

Altars:

Annotations:
D:3 Sigmund


Innate Abilities, Weirdness & Mutations

You have large cloven feet.


Message History

The orc wizard gestures wildly while chanting.
The orc wizard seems to speed up.
You closely miss the orc wizard. Your kick misses the orc wizard.
The orc wizard is moderately wounded.
You feel sick. The orc wizard completely misses you.
You hit the orc wizard. Your kick misses the orc wizard.
The orc wizard is heavily wounded.
The orc wizard hits you with a dagger of venom.
You are more poisoned.
The orc wizard barely misses you.
You barely miss the orc wizard.
You kick the orc wizard, but do no damage.
The orc wizard is heavily wounded.
You feel sick.
The orc wizard points at you and mumbles some strange words.
The puff of frost hits you!
* * * LOW HITPOINT WARNING * * *
The orc priest mumbles some strange prayers to Beogh against you.
Beogh smites you!
You die... #.## #.. <..##.# .....## . ......#.# .......# ### <#...### oo.

###..###.#
#o#
.#.......#
#o#
.....###
#@# ##.#.#
#.# #.#.#
#.#####.#
##.#.###
#.....<)#
.))....#
#.#######
######.#
#.# #.#
#.#


You could see an orc priest, an orc wizard and 2 orcs.

Vanquished Creatures
  2 adders
  A worm (D:2)
  4 dart slugs
  3 giant cockroaches
  6 goblins
  6 hobgoblins
  2 jackals (D:2)
  A quokka (D:2)
  7 bats
  4 giant newts
  8 kobolds (D:1)
  8 rats
52 creatures vanquished.

Notes
Turn   | Place    | Note
--------------------------------------------------------------
     0 | D:1      | Krapule the Demonspawn Monk began the quest for the Orb.
     0 | D:1      | Reached XP level 1. HP: 18/18 MP: 1/1
   159 | D:1      | Gained mutation: You have large cloven feet. [demonic ancestry]
   159 | D:1      | Reached XP level 2. HP: 8/24 MP: 2/2
  1128 | D:1      | Reached XP level 3. HP: 28/29 MP: 3/3
  1276 | D:1      | Reached skill level 1 in Armour
  1838 | D:2      | Found a faded altar to an unknown god.
  2328 | D:3      | Reached XP level 4. HP: 24/35 MP: 4/4
  2451 | D:3      | Noticed Sigmund
  2594 | D:3      | Killed from afar by an orc priest

Skill      XL: |  1  2  3 |
---------------+----------+-----
Stealth        | 2 |  2.5
Dodging        | 3 |  3.3
Armour         | 1 |  1.0
Fighting       | |  3.3
Unarmed Combat | |  3.9

Action                   |  1- 3 |  4- 6 || total
-------------------------+-------+-------++-------
Melee: Unarmed           |   194 |    22 ||   216
       Kick              |    30 |     4 ||    34
       Punch             |     1 |     1 ||     2
  Use: Scroll            |     4 |       ||     4
 Stab: Sleeping          |     4 |       ||     4
  Eat: Chunk             |     4 |     1 ||     5
Armor: Robe              |    44 |       ||    44
Dodge: Dodged            |   144 |    11 ||   155
